Panthers vs Predators

Created - 7 février 2018 at 19:58

Goals
1 2 3 T
Panthers 2 1 2 5
Predators 1 0 3 4
Shots
1 2 3 T
Panthers 7 10 7 24
Predators 11 10 10 31

1st period

1. Panthers , Patrick Kane 35 (Patrik Laine 25, Logan Couture 38) at 2:08 (PP)
2. Panthers , Brian Campbell 4 (Joe Thornton 37, Patrik Laine 26) at 7:16
3. Predators , J.T. Miller 20 (Max Pacioretty 28, Nicklas Backstrom 38) at 11:11 (PP)

Penalties :
Nick Leddy (NSH) for Holding (Minor) at 2:02, Brooks Orpik (FLA) for Tripping (Minor) at 9:41, Jacob Trouba (FLA) for Roughing (Minor) at 12:59

2nd period

4. Panthers , Logan Couture 18 (Nikolaj Ehlers 23, T.J. Brodie 23) at 17:28

Penalties :
Nikita Zadorov (NSH) for Roughing (Minor) at 2:42, Justin Braun (FLA) for Roughing (Minor) at 4:59

3rd period

5. Panthers , T.J. Brodie 4 (Logan Couture 39, Nikolaj Ehlers 24) at 1:18
6. Predators , Oscar Klefbom 8 (Kevin Hayes 18, Roman Josi 35) at 2:20
7. Predators , Jaden Schwartz 24 (Elias Lindholm 22, Nick Leddy 27) at 9:58
8. Panthers , Patrik Laine 22 (Patrick Kane 36, Logan Couture 40) at 12:26 (PP)
9. Predators , Roman Josi 15 (Max Pacioretty 29, Nick Leddy 28) at 14:30

Penalties :
John Moore (NSH) for Interference (Minor) at 11:16, Elias Lindholm (NSH) for Interference (Minor) at 14:14, Patrick Kane (FLA) for Roughing (Double Minor) at 14:14

Goalie Stats

Peter Budaj (FLA), 27 saves from 31 shots - (0.871), W, 7-6-2, 60:00 minutes
Pekka Rinne (NSH), 15 saves from 19 shots - (0.789), 41:18 minutes
Calvin Pickard (NSH), 4 saves from 5 shots - (0.800), L, 7-5-1, 18:25 minutes

Players Stats for Panthers

Player Name              G  A  P  +/- PIM S  H  SB GA TA FO     MP     PP MP  PK MP  
------------------------------------------------------------------------------------
Artem Anisimov           0  0  0  -1  0   1  0  0  0  0  7/14   14:29   0:00   2:56 
Blake Wheeler            0  0  0  -1  0   4  0  0  0  0  0/4    16:19   1:20   0:00 
Brian Campbell           1  0  1  -2  0   1  0  0  0  0  0/0    16:55   1:50   2:23 
Brooks Orpik             0  0  0  -1  2   0  4  0  0  0  0/0    12:23   0:00   0:10 
David Perron             0  0  0  -1  0   0  1  0  0  0  0/1    11:09   0:00   0:19 
Drew Doughty             0  0  0   0  0   0  1  3  0  0  0/0    24:54   1:25   3:40 
Jacob Trouba             0  0  0   0  2   1  1  3  0  0  0/0    24:38   1:25   2:03 
Jesper Fast              0  0  0   0  0   0  1  0  0  0  0/0    10:02   0:00   4:13 
Joe Thornton             0  1  1   0  0   1  1  0  0  0  13/18  14:34   1:20   0:17 
Justin Braun             0  0  0   2  2   1  1  1  0  0  0/0    18:59   0:00   2:48 
Logan Couture            1  3  4   1  0   4  1  0  0  0  12/33  19:47   1:55   0:00 
Matthew Tkachuk          0  0  0  -1  0   0  4  0  0  0  0/0    11:42   0:52   0:00 
Nikolaj Ehlers           0  2  2   2  0   0  2  0  0  0  0/1    18:59   1:20   0:00 
Patrick Kane             1  1  2   2  4   3  0  0  0  0  1/2    18:40   1:55   0:00 
Patrik Laine             1  2  3   0  0   4  1  0  0  0  0/1    14:53   1:03   0:00 
Pierre-Edouard Bellemare 0  0  0   0  0   1  0  0  0  0  0/0     9:07   0:00   3:05 
T.J. Brodie              1  1  2   1  0   1  0  1  0  0  0/0    22:08   1:50   3:52 
Tanner Kero              0  0  0   0  0   2  0  0  0  0  11/15  10:51   0:00   4:06 

Players Stats for Predators

Player Name              G  A  P  +/- PIM S  H  SB GA TA FO     MP     PP MP  PK MP  
------------------------------------------------------------------------------------
Colton Sissons           0  0  0   0  0   0  1  0  0  0  1/4     5:13   0:00   0:00 
Connor Murphy            0  0  0   0  0   0  1  1  0  0  0/0    18:43   3:31   1:52 
Elias Lindholm           0  1  1   1  2   1  0  0  0  0  2/2    14:52   0:34   0:30 
J.T. Miller              1  0  1   1  0   3  0  0  0  0  3/4    18:45   3:11   1:04 
Jaden Schwartz           1  0  1  -1  0   3  0  0  0  0  0/1    19:24   3:43   0:19 
John Moore               0  0  0   1  2   1  2  0  0  0  0/0    14:37   0:00   0:00 
Kevin Hayes              0  1  1  -1  0   3  2  1  0  0  0/1    16:16   1:39   0:00 
Klas Dahlbeck            0  0  0  -1  0   0  0  0  0  0  0/0     3:20   0:50   0:00 
Max Pacioretty           0  2  2   1  0   3  1  0  0  0  0/2    20:59   2:54   2:11 
Milan Michalek           0  0  0   0  0   1  0  0  0  0  2/2     5:47   0:34   0:00 
Nick Leddy               0  2  2   1  2   0  1  1  0  0  0/0    23:05   3:07   1:35 
Nicklas Backstrom        0  1  1   0  0   1  1  0  0  0  11/19  15:17   2:35   0:03 
Nikita Zadorov           0  0  0   0  2   0  2  0  0  0  0/0    12:44   0:00   0:00 
Oscar Klefbom            1  0  1  -1  0   3  2  2  0  0  0/0    23:19   3:31   1:40 
Roman Josi               1  1  2   0  0   4  1  2  0  0  0/0    24:09   3:57   1:23 
Steven Stamkos           0  0  0  -2  0   4  1  0  0  0  18/32  22:26   3:31   2:23 
Vincent Trocheck         0  0  0   0  0   2  2  0  0  0  8/21   16:31   3:43   0:00 
Vladislav Namestnikov    0  0  0   0  0   2  1  0  0  0  0/1    19:15   0:00   0:00 

3 Stars

1 - Logan Couture (FLA)
2 - Patrik Laine (FLA)
3 - T.J. Brodie (FLA)

Power Play

Panthers - 2 on 3 Attempt(s) - 66.67%
Predators - 1 on 4 Attempt(s) - 25.00%

Penalty Kill

Panthers - 3 on 4 Attempt(s) - 75.00% - Score 0 goal in Penalty Kill
Predators - 1 on 3 Attempt(s) - 33.33% - Score 0 goal in Penalty Kill

Team Stat

Panthers - Hits : 18 - Faceoff Wins : 44 - Blocked Shots : 8 - Penalty Minutes : 10
Predators - Hits : 18 - Faceoff Wins : 45 - Blocked Shots : 7 - Penalty Minutes : 8

Official

Referees : Kendrick Nicholson and Tom Kowal
Linesman : Brandon Gawryletz and Don Henderson

Game Notes

Calvin Pickard enters game at 1:18 of 3rd period
Nicklas Backstrom is injured at 5:11 of 3rd period (Right Foot)

Finance

Level 1 -- Attendance: 6500 (100.00%) -- Ticket Income 650 000 $
Level 2 -- Attendance: 5000 (100.00%) -- Ticket Income 385 000 $
Level 3 -- Attendance: 3341 (95.46%) -- Ticket Income 193 778 $
Level 4 -- Attendance: 1113 (100.00%) -- Ticket Income 46 746 $
Luxury Box -- Attendance: 1000 (100.00%) -- Ticket Income 185 000 $
Game was played at the Bridgestone Arena.
Total Attendance: 16954 (99.07%)
Total Ticket Income: 1 460 524 $
Other Income: 219 079 $
Total Income: 1 679 603 $

% Time on Ice - Panthers

Lines # - Real PCT - Wanted PCT - Time Play
Normal Forward
1 - 36% - 40% - 16:46
2 - 28% - 30% - 12:57
3 - 23% - 20% - 10:50
4 - 13% - 10% - 5:49
Normal Defense
1 - 42% - 40% - 19:22
2 - 33% - 37% - 15:22
3 - 25% - 23% - 11:38
4 - 0% - 0% - 0:00
PP Forward
1 - 59% - 60% - 1:55
2 - 41% - 40% - 1:20
PP Defense
1 - 44% - 60% - 1:25
2 - 56% - 40% - 1:50
PK Forward
1 - 64% - 60% - 4:46
2 - 36% - 40% - 2:42
PK Defense
1 - 42% - 60% - 3:10
2 - 58% - 40% - 4:18
PK3 Forward
1 - 0% - 60%
2 - 0% - 40%
PK3 Defense
1 - 0% - 60%
2 - 0% - 40%
44 Forward
1 - 100% - 60% - 1:59
2 - 0% - 40% - 0:00
44 Defense
1 - 58% - 60% - 1:09
2 - 42% - 40% - 0:50
Last Minute Offensive  - 0:00
Last Minute Defensive  - 0:56
Total
Forward - 60:00
Defense - 60:00

% Time on Ice - Predators

Lines # - Real PCT - Wanted PCT - Time Play
Normal Forward
1 - 30% - 33% - 14:02
2 - 31% - 32% - 14:37
3 - 27% - 25% - 12:48
4 - 11% - 10% - 5:13
Normal Defense
1 - 37% - 40% - 17:10
2 - 31% - 34% - 14:38
3 - 27% - 24% - 12:45
4 - 5% - 2% - 2:07
PP Forward
1 - 50% - 60% - 3:45
2 - 50% - 40% - 3:43
PP Defense
1 - 53% - 60% - 3:57
2 - 47% - 40% - 3:31
PK Forward
1 - 89% - 60% - 2:53
2 - 11% - 40% - 0:22
PK Defense
1 - 49% - 60% - 1:35
2 - 51% - 40% - 1:40
PK3 Forward
1 - 0% - 60%
2 - 0% - 40%
PK3 Defense
1 - 0% - 60%
2 - 0% - 40%
44 Forward
1 - 100% - 60% - 1:59
2 - 0% - 40% - 0:00
44 Defense
1 - 51% - 60% - 1:01
2 - 49% - 40% - 0:58
Last Minute Offensive  - 0:38
Last Minute Defensive  - 0:00
Total
Forward - 60:00
Defense - 60:00

Play by Play

1st period


0:01 of 1st period - Nicklas Backstrom wins face-off versus Logan Couture in neutral zone.
0:15 of 1st period - Shot by Vladislav Namestnikov.
0:15 of 1st period - Shot Misses the Net.
1:05 of 1st period - Off-side.
1:06 of 1st period - Vincent Trocheck wins face-off versus Artem Anisimov in neutral zone.
1:22 of 1st period - Shot by Elias Lindholm.
1:22 of 1st period - Stopped by Peter Budaj without a rebound.
1:23 of 1st period - Steven Stamkos wins face-off versus Joe Thornton in Panthers zone.
2:02 of 1st period - Minor Penalty to Nick Leddy for Holding.
2:03 of 1st period - Logan Couture wins face-off versus Steven Stamkos in Predators zone.
2:08 of 1st period - Shot by Patrick Kane.
2:08 of 1st period - Goal by Patrick Kane - Panthers : 1 - Predators : 0.
2:09 of 1st period - Tanner Kero wins face-off versus Vincent Trocheck in neutral zone.
2:21 of 1st period - Icing by Brooks Orpik.
2:22 of 1st period - Tanner Kero wins face-off versus Colton Sissons in Panthers zone.
2:37 of 1st period - Shot by Tanner Kero.
2:37 of 1st period - Shot Misses the Net.
2:39 of 1st period - Shot by Pierre-Edouard Bellemare.
2:39 of 1st period - Stopped by Pekka Rinne without a rebound.
2:40 of 1st period - Vincent Trocheck wins face-off versus David Perron in Predators zone.
2:47 of 1st period - Shot by Vincent Trocheck.
2:47 of 1st period - Stopped by Peter Budaj without a rebound.
2:48 of 1st period - Nicklas Backstrom wins face-off versus Logan Couture in Panthers zone.
3:21 of 1st period - Shot by Logan Couture.
3:21 of 1st period - Shot Misses the Net.
3:31 of 1st period - Icing by T.J. Brodie.
3:32 of 1st period - Vincent Trocheck wins face-off versus Logan Couture in Panthers zone.
3:39 of 1st period - Shot by J.T. Miller.
3:39 of 1st period - Shot Misses the Net.
3:41 of 1st period - Shot by Vincent Trocheck.
3:41 of 1st period - Stopped by Peter Budaj without a rebound.
3:42 of 1st period - Artem Anisimov wins face-off versus Steven Stamkos in Panthers zone.
4:11 of 1st period - Off-side.
4:12 of 1st period - Joe Thornton wins face-off versus Vincent Trocheck in neutral zone.
4:14 of 1st period - Patrik Laine is hit by Vincent Trocheck and loses puck.
5:07 of 1st period - Shot by Patrick Kane.
5:07 of 1st period - Shot Misses the Net.
5:27 of 1st period - Shot by Nikolaj Ehlers.
5:27 of 1st period - Shot Misses the Net.
5:30 of 1st period - Icing by Oscar Klefbom.
5:31 of 1st period - Nicklas Backstrom wins face-off versus Artem Anisimov in Predators zone.
5:57 of 1st period - David Perron is hit by Vladislav Namestnikov and loses puck.
6:34 of 1st period - Shot by Steven Stamkos.
6:34 of 1st period - Shot Blocked by Drew Doughty.
6:36 of 1st period - Shot by Jaden Schwartz.
6:36 of 1st period - Shot Misses the Net.
6:38 of 1st period - Shot by Steven Stamkos.
6:38 of 1st period - Stopped by Peter Budaj without a rebound.
6:39 of 1st period - Joe Thornton wins face-off versus Steven Stamkos in Panthers zone.
6:52 of 1st period - Shot by Patrik Laine.
6:52 of 1st period - Shot Blocked by Nick Leddy.
6:56 of 1st period - Shot by Patrik Laine.
6:56 of 1st period - Shot Misses the Net.
7:12 of 1st period - Shot by Patrik Laine.
7:12 of 1st period - Shot Misses the Net.
7:14 of 1st period - Shot by Joe Thornton.
7:14 of 1st period - Shot Misses the Net.
7:16 of 1st period - Shot by Brian Campbell.
7:16 of 1st period - Goal by Brian Campbell - Panthers : 2 - Predators : 0.
7:17 of 1st period - Logan Couture wins face-off versus Vincent Trocheck in neutral zone.
7:29 of 1st period - Icing by Jacob Trouba.
7:30 of 1st period - Milan Michalek wins face-off versus Logan Couture in Panthers zone.
8:16 of 1st period - Icing by Roman Josi.
8:17 of 1st period - Joe Thornton wins face-off versus Colton Sissons in Predators zone.
8:30 of 1st period - Shot by Patrik Laine.
8:30 of 1st period - Shot Blocked by Roman Josi.
8:32 of 1st period - Shot by Patrik Laine.
8:32 of 1st period - Shot Misses the Net.
8:42 of 1st period - Shot by Patrik Laine.
8:42 of 1st period - Stopped by Pekka Rinne without a rebound.
8:43 of 1st period - Artem Anisimov wins face-off versus Steven Stamkos in Predators zone.
8:43 of 1st period - Matthew Tkachuk is hit by John Moore and loses puck.
9:13 of 1st period - Artem Anisimov is hit by John Moore.
9:26 of 1st period - Icing by Brian Campbell.
9:27 of 1st period - Vincent Trocheck wins face-off versus Artem Anisimov in Panthers zone.
9:27 of 1st period - J.T. Miller is hit by Brooks Orpik and loses puck.
9:41 of 1st period - Minor Penalty to Brooks Orpik for Tripping.
9:42 of 1st period - Tanner Kero wins face-off versus Max Pacioretty in Panthers zone.
9:57 of 1st period - Shot by Roman Josi.
9:57 of 1st period - Shot Misses the Net.
9:59 of 1st period - Shot by Nick Leddy.
9:59 of 1st period - Shot Misses the Net.
10:01 of 1st period - Shot by Roman Josi.
10:01 of 1st period - Shot Misses the Net.
10:03 of 1st period - Shot by Roman Josi.
10:03 of 1st period - Stopped by Peter Budaj without a rebound.
10:04 of 1st period - Steven Stamkos wins face-off versus Tanner Kero in Panthers zone.
10:20 of 1st period - Shot by Vincent Trocheck.
10:20 of 1st period - Shot Misses the Net.
11:09 of 1st period - Shot by Max Pacioretty.
11:09 of 1st period - Shot Blocked by Drew Doughty.
11:11 of 1st period - Shot by J.T. Miller.
11:11 of 1st period - Goal by J.T. Miller - Panthers : 2 - Predators : 1.
11:12 of 1st period - Milan Michalek wins face-off versus Patrick Kane in neutral zone.
11:21 of 1st period - Shot by Vladislav Namestnikov.
11:21 of 1st period - Stopped by Peter Budaj with a rebound.
11:23 of 1st period - Shot by Milan Michalek.
11:23 of 1st period - Stopped by Peter Budaj without a rebound.
11:24 of 1st period - Nicklas Backstrom wins face-off versus Patrik Laine in Panthers zone.
11:27 of 1st period - Shot by Oscar Klefbom.
11:27 of 1st period - Shot Blocked by Justin Braun.
11:43 of 1st period - Shot by Blake Wheeler.
11:43 of 1st period - Stopped by Pekka Rinne without a rebound.
11:44 of 1st period - Steven Stamkos wins face-off versus Logan Couture in Predators zone.
12:05 of 1st period - Shot by Logan Couture.
12:05 of 1st period - Stopped by Pekka Rinne without a rebound.
12:06 of 1st period - Vincent Trocheck wins face-off versus Joe Thornton in Predators zone.
12:08 of 1st period - Icing by Elias Lindholm.
12:09 of 1st period - Joe Thornton wins face-off versus Vincent Trocheck in Predators zone.
12:23 of 1st period - Shot by Elias Lindholm.
12:23 of 1st period - Deflect By Vincent Trocheck.
12:23 of 1st period - Shot Misses the Net.
12:25 of 1st period - Shot by Elias Lindholm.
12:25 of 1st period - Deflect By J.T. Miller.
12:25 of 1st period - Shot Misses the Net.
12:50 of 1st period - Icing by Vincent Trocheck.
12:51 of 1st period - Vincent Trocheck wins face-off versus Logan Couture in Predators zone.
12:59 of 1st period - Minor Penalty to Jacob Trouba for Roughing.
13:00 of 1st period - Steven Stamkos wins face-off versus Tanner Kero in Panthers zone.
13:01 of 1st period - Shot by Oscar Klefbom.
13:01 of 1st period - Stopped by Peter Budaj without a rebound.
13:02 of 1st period - Tanner Kero wins face-off versus Steven Stamkos in Panthers zone.
14:37 of 1st period - Icing by Jaden Schwartz.
14:38 of 1st period - Tanner Kero wins face-off versus Steven Stamkos in Predators zone.
15:24 of 1st period - Milan Michalek is hit by Jacob Trouba and loses puck.
15:30 of 1st period - Off-side.
15:31 of 1st period - Logan Couture wins face-off versus Nicklas Backstrom in neutral zone.
15:48 of 1st period - Shot by Max Pacioretty.
15:48 of 1st period - Shot Misses the Net.
15:50 of 1st period - Shot by Roman Josi.
15:50 of 1st period - Shot Misses the Net.
15:54 of 1st period - Shot by Max Pacioretty.
15:54 of 1st period - Shot Misses the Net.
16:17 of 1st period - Icing by Connor Murphy.
16:18 of 1st period - Steven Stamkos wins face-off versus Artem Anisimov in Predators zone.
16:18 of 1st period - Steven Stamkos is hit by Matthew Tkachuk.
16:36 of 1st period - Connor Murphy is hit by Matthew Tkachuk and loses puck.
17:06 of 1st period - Icing by David Perron.
17:07 of 1st period - Artem Anisimov wins face-off versus Vincent Trocheck in Panthers zone.
17:24 of 1st period - Shot by Elias Lindholm.
17:24 of 1st period - Shot Blocked by Jacob Trouba.
17:36 of 1st period - J.T. Miller is hit by Patrik Laine and loses puck.
18:00 of 1st period - Blake Wheeler is hit by Vincent Trocheck and loses puck.
18:10 of 1st period - Icing by Joe Thornton.
18:11 of 1st period - Nicklas Backstrom wins face-off versus Joe Thornton in Panthers zone.
18:12 of 1st period - Shot by Roman Josi.
18:12 of 1st period - Stopped by Peter Budaj without a rebound.
18:13 of 1st period - Nicklas Backstrom wins face-off versus Logan Couture in Panthers zone.
18:24 of 1st period - Shot by Max Pacioretty.
18:24 of 1st period - Deflect By Nicklas Backstrom.
18:24 of 1st period - Stopped by Peter Budaj without a rebound.
18:25 of 1st period - Steven Stamkos wins face-off versus Tanner Kero in Panthers zone.
18:40 of 1st period - Icing by Jesper Fast.
18:41 of 1st period - Tanner Kero wins face-off versus Nicklas Backstrom in Panthers zone.
18:52 of 1st period - Shot by Jesper Fast.
18:52 of 1st period - Shot Blocked by Roman Josi.
19:05 of 1st period - Shot by Justin Braun.
19:05 of 1st period - Stopped by Pekka Rinne without a rebound.
19:06 of 1st period - Steven Stamkos wins face-off versus Logan Couture in Predators zone.
19:06 of 1st period - Jaden Schwartz is hit by Nikolaj Ehlers and loses puck.
Goals for this period are 2 for Panthers vs 1 for Predators.
Shots for this period are 7 for Panthers vs 11 for Predators.

2nd period


0:01 of 2nd period - Nicklas Backstrom wins face-off versus Logan Couture in neutral zone.
0:01 of 2nd period - Max Pacioretty is hit by Nikolaj Ehlers and loses puck.
0:12 of 2nd period - Shot by Max Pacioretty.
0:12 of 2nd period - Stopped by Peter Budaj without a rebound.
0:13 of 2nd period - Steven Stamkos wins face-off versus Joe Thornton in Panthers zone.
0:18 of 2nd period - Shot by Steven Stamkos.
0:18 of 2nd period - Stopped by Peter Budaj without a rebound.
0:19 of 2nd period - Logan Couture wins face-off versus Max Pacioretty in Panthers zone.
0:26 of 2nd period - Shot by Logan Couture.
0:26 of 2nd period - Deflect By Patrick Kane.
0:26 of 2nd period - Shot Misses the Net.
0:28 of 2nd period - Shot by Justin Braun.
0:28 of 2nd period - Shot Misses the Net.
0:30 of 2nd period - Shot by Nikolaj Ehlers.
0:30 of 2nd period - Deflect By Patrick Kane.
0:30 of 2nd period - Shot Blocked by Oscar Klefbom.
0:32 of 2nd period - Shot by Logan Couture.
0:32 of 2nd period - Shot Misses the Net.
0:56 of 2nd period - Shot by Nicklas Backstrom.
0:56 of 2nd period - Shot Misses the Net.
1:30 of 2nd period - Shot by Patrik Laine.
1:30 of 2nd period - Shot Misses the Net.
1:46 of 2nd period - Shot by Patrik Laine.
1:46 of 2nd period - Shot Misses the Net.
2:16 of 2nd period - Shot by Kevin Hayes.
2:16 of 2nd period - Shot Misses the Net.
2:18 of 2nd period - Shot by Steven Stamkos.
2:18 of 2nd period - Stopped by Peter Budaj without a rebound.
2:19 of 2nd period - Artem Anisimov wins face-off versus Vincent Trocheck in Panthers zone.
2:24 of 2nd period - Connor Murphy is hit by Matthew Tkachuk and loses puck.
2:42 of 2nd period - Minor Penalty to Nikita Zadorov for Roughing.
2:43 of 2nd period - Logan Couture wins face-off versus Steven Stamkos in Predators zone.
3:56 of 2nd period - Shot by Nikolaj Ehlers.
3:56 of 2nd period - Deflect By Blake Wheeler.
3:56 of 2nd period - Stopped by Pekka Rinne without a rebound.
3:57 of 2nd period - Steven Stamkos wins face-off versus Logan Couture in Predators zone.
4:16 of 2nd period - Shot by Patrick Kane.
4:16 of 2nd period - Shot Blocked by Oscar Klefbom.
4:18 of 2nd period - Shot by Jacob Trouba.
4:18 of 2nd period - Stopped by Pekka Rinne with a rebound.
4:20 of 2nd period - Shot by Drew Doughty.
4:20 of 2nd period - Shot Misses the Net.
4:59 of 2nd period - Minor Penalty to Justin Braun for Roughing.
5:00 of 2nd period - Tanner Kero wins face-off versus Kevin Hayes in Panthers zone.
5:11 of 2nd period - Shot by Kevin Hayes.
5:11 of 2nd period - Stopped by Peter Budaj without a rebound.
5:12 of 2nd period - J.T. Miller wins face-off versus Tanner Kero in Panthers zone.
5:57 of 2nd period - Jacob Trouba is hit by Kevin Hayes and loses puck.
6:24 of 2nd period - Shot by Jaden Schwartz.
6:24 of 2nd period - Shot Misses the Net.
6:26 of 2nd period - Shot by Steven Stamkos.
6:26 of 2nd period - Shot Misses the Net.
6:28 of 2nd period - Shot by Oscar Klefbom.
6:28 of 2nd period - Shot Hit the Post.
7:21 of 2nd period - Shot by Vladislav Namestnikov.
7:21 of 2nd period - Stopped by Peter Budaj without a rebound.
7:22 of 2nd period - Nicklas Backstrom wins face-off versus Blake Wheeler in Panthers zone.
7:33 of 2nd period - Shot by Patrik Laine.
7:33 of 2nd period - Stopped by Pekka Rinne with a rebound.
7:35 of 2nd period - Shot by Joe Thornton.
7:35 of 2nd period - Stopped by Pekka Rinne without a rebound.
7:36 of 2nd period - Steven Stamkos wins face-off versus Logan Couture in Predators zone.
7:38 of 2nd period - Icing by Kevin Hayes.
7:39 of 2nd period - Steven Stamkos wins face-off versus Logan Couture in Predators zone.
8:12 of 2nd period - Shot by Patrick Kane.
8:12 of 2nd period - Stopped by Pekka Rinne without a rebound.
8:13 of 2nd period - Joe Thornton wins face-off versus Nicklas Backstrom in Predators zone.
8:55 of 2nd period - Shot by Joe Thornton.
8:55 of 2nd period - Shot Misses the Net.
9:17 of 2nd period - Shot by Artem Anisimov.
9:17 of 2nd period - Stopped by Pekka Rinne without a rebound.
9:18 of 2nd period - Steven Stamkos wins face-off versus Logan Couture in Predators zone.
9:31 of 2nd period - Shot by Kevin Hayes.
9:31 of 2nd period - Stopped by Peter Budaj without a rebound.
9:32 of 2nd period - Artem Anisimov wins face-off versus Vincent Trocheck in Panthers zone.
9:45 of 2nd period - Shot by Matthew Tkachuk.
9:45 of 2nd period - Shot Misses the Net.
10:28 of 2nd period - Icing by Jacob Trouba.
10:29 of 2nd period - Patrick Kane wins face-off versus Steven Stamkos in Panthers zone.
10:48 of 2nd period - Shot by Jaden Schwartz.
10:48 of 2nd period - Shot Misses the Net.
10:50 of 2nd period - Shot by Roman Josi.
10:50 of 2nd period - Stopped by Peter Budaj without a rebound.
10:51 of 2nd period - Joe Thornton wins face-off versus Nicklas Backstrom in Panthers zone.
11:52 of 2nd period - Icing by Drew Doughty.
11:53 of 2nd period - Steven Stamkos wins face-off versus Logan Couture in Panthers zone.
11:56 of 2nd period - Shot by Jaden Schwartz.
11:56 of 2nd period - Shot Misses the Net.
12:07 of 2nd period - Icing by Jacob Trouba.
12:08 of 2nd period - Vincent Trocheck wins face-off versus Logan Couture in Panthers zone.
12:09 of 2nd period - Shot by J.T. Miller.
12:09 of 2nd period - Shot Misses the Net.
12:11 of 2nd period - Shot by John Moore.
12:11 of 2nd period - Stopped by Peter Budaj with a rebound.
12:44 of 2nd period - Off-side.
12:45 of 2nd period - Joe Thornton wins face-off versus Steven Stamkos in neutral zone.
12:48 of 2nd period - Shot by Joe Thornton.
12:48 of 2nd period - Shot Misses the Net.
13:02 of 2nd period - Shot by Blake Wheeler.
13:02 of 2nd period - Stopped by Pekka Rinne without a rebound.
13:03 of 2nd period - Nicklas Backstrom wins face-off versus Artem Anisimov in Predators zone.
13:03 of 2nd period - Max Pacioretty is hit by Matthew Tkachuk and loses puck.
13:29 of 2nd period - Nicklas Backstrom is hit by Brooks Orpik and loses puck.
13:53 of 2nd period - Icing by Jaden Schwartz.
13:54 of 2nd period - Steven Stamkos wins face-off versus Logan Couture in Predators zone.
14:33 of 2nd period - Shot by Nikolaj Ehlers.
14:33 of 2nd period - Shot Misses the Net.
14:35 of 2nd period - Shot by Drew Doughty.
14:35 of 2nd period - Shot Blocked by Kevin Hayes.
15:13 of 2nd period - Shot by Patrik Laine.
15:13 of 2nd period - Stopped by Pekka Rinne without a rebound.
15:14 of 2nd period - Tanner Kero wins face-off versus Nicklas Backstrom in Predators zone.
16:07 of 2nd period - Nicklas Backstrom is hit by David Perron and loses puck.
16:35 of 2nd period - J.T. Miller is hit by Drew Doughty and loses puck.
16:48 of 2nd period - Shot by J.T. Miller.
16:48 of 2nd period - Stopped by Peter Budaj without a rebound.
16:49 of 2nd period - Steven Stamkos wins face-off versus Logan Couture in Panthers zone.
17:08 of 2nd period - Shot by Jaden Schwartz.
17:08 of 2nd period - Shot Misses the Net.
17:28 of 2nd period - Shot by Logan Couture.
17:28 of 2nd period - Goal by Logan Couture - Panthers : 3 - Predators : 1.
17:29 of 2nd period - Joe Thornton wins face-off versus Vincent Trocheck in neutral zone.
17:33 of 2nd period - Icing by Elias Lindholm.
17:34 of 2nd period - Joe Thornton wins face-off versus Vincent Trocheck in Predators zone.
18:00 of 2nd period - Off-side.
18:01 of 2nd period - Tanner Kero wins face-off versus Nicklas Backstrom in neutral zone.
18:05 of 2nd period - Jacob Trouba is hit by Nicklas Backstrom.
18:11 of 2nd period - Shot by Tanner Kero.
18:11 of 2nd period - Stopped by Pekka Rinne with a rebound.
18:30 of 2nd period - Pierre-Edouard Bellemare is hit by Oscar Klefbom and loses puck.
18:38 of 2nd period - Jesper Fast is hit by Oscar Klefbom and loses puck.
19:22 of 2nd period - Shot by Steven Stamkos.
19:22 of 2nd period - Shot Hit the Post.
19:24 of 2nd period - Shot by Steven Stamkos.
19:24 of 2nd period - Shot Misses the Net.
19:26 of 2nd period - Shot by John Moore.
19:26 of 2nd period - Shot Misses the Net.
19:28 of 2nd period - Shot by Jaden Schwartz.
19:28 of 2nd period - Stopped by Peter Budaj without a rebound.
19:29 of 2nd period - Vincent Trocheck wins face-off versus Logan Couture in Panthers zone.
Goals for this period are 1 for Panthers vs 0 for Predators.
Shots for this period are 10 for Panthers vs 10 for Predators.

3rd period


0:01 of 3rd period - Logan Couture wins face-off versus Steven Stamkos in neutral zone.
0:20 of 3rd period - Shot by Jaden Schwartz.
0:20 of 3rd period - Stopped by Peter Budaj without a rebound.
0:21 of 3rd period - Joe Thornton wins face-off versus Nicklas Backstrom in Panthers zone.
0:30 of 3rd period - Shot by Patrik Laine.
0:30 of 3rd period - Deflect By Blake Wheeler.
0:30 of 3rd period - Shot Misses the Net.
0:36 of 3rd period - Nicklas Backstrom is hit by Joe Thornton and loses puck.
0:55 of 3rd period - Shot by Nicklas Backstrom.
0:55 of 3rd period - Shot Blocked by Jacob Trouba.
1:00 of 3rd period - Icing by Patrik Laine.
1:01 of 3rd period - Joe Thornton wins face-off versus Steven Stamkos in Panthers zone.
1:06 of 3rd period - Shot by Blake Wheeler.
1:06 of 3rd period - Stopped by Pekka Rinne without a rebound.
1:07 of 3rd period - Logan Couture wins face-off versus Steven Stamkos in Predators zone.
1:16 of 3rd period - Shot by Logan Couture.
1:16 of 3rd period - Shot Misses the Net.
1:18 of 3rd period - Shot by T.J. Brodie.
1:18 of 3rd period - Goal by T.J. Brodie - Panthers : 4 - Predators : 1.
1:18 of 3rd period - Calvin Pickard enters game.
1:19 of 3rd period - Artem Anisimov wins face-off versus Vincent Trocheck in neutral zone.
1:22 of 3rd period - Shot by Matthew Tkachuk.
1:22 of 3rd period - Shot Blocked by Connor Murphy.
1:47 of 3rd period - J.T. Miller is hit by Brooks Orpik and loses puck.
2:18 of 3rd period - Shot by Kevin Hayes.
2:18 of 3rd period - Stopped by Peter Budaj with a rebound.
2:20 of 3rd period - Shot by Oscar Klefbom.
2:20 of 3rd period - Goal by Oscar Klefbom - Panthers : 4 - Predators : 2.
2:21 of 3rd period - Nicklas Backstrom wins face-off versus Logan Couture in neutral zone.
2:45 of 3rd period - Shot by Vladislav Namestnikov.
2:45 of 3rd period - Shot Misses the Net.
3:28 of 3rd period - Shot by Steven Stamkos.
3:28 of 3rd period - Stopped by Peter Budaj without a rebound.
3:29 of 3rd period - Tanner Kero wins face-off versus Vincent Trocheck in Panthers zone.
3:42 of 3rd period - Shot by J.T. Miller.
3:42 of 3rd period - Shot Hit the Post.
5:04 of 3rd period - Shot by Logan Couture.
5:04 of 3rd period - Stopped by Calvin Pickard without a rebound.
5:05 of 3rd period - Joe Thornton wins face-off versus Nicklas Backstrom in Predators zone.
5:09 of 3rd period - Icing by Vladislav Namestnikov.
5:10 of 3rd period - Nicklas Backstrom wins face-off versus Blake Wheeler in Predators zone.
5:10 of 3rd period - Nicklas Backstrom is hit by Brooks Orpik.
5:11 of 3rd period - Nicklas Backstrom from Predators is injured at 5:11 of 3rd period (Right Foot).
5:12 of 3rd period - Logan Couture wins face-off versus Vincent Trocheck in Predators zone.
5:12 of 3rd period - Logan Couture is hit by Roman Josi.
5:36 of 3rd period - Shot by J.T. Miller.
5:36 of 3rd period - Shot Misses the Net.
5:38 of 3rd period - Shot by Oscar Klefbom.
5:38 of 3rd period - Stopped by Peter Budaj without a rebound.
5:39 of 3rd period - Joe Thornton wins face-off versus Jaden Schwartz in Panthers zone.
5:39 of 3rd period - Blake Wheeler is hit by Steven Stamkos and loses puck.
5:52 of 3rd period - Joe Thornton is hit by Kevin Hayes and loses puck.
5:59 of 3rd period - Shot by Kevin Hayes.
5:59 of 3rd period - Shot Misses the Net.
6:17 of 3rd period - Shot by Kevin Hayes.
6:17 of 3rd period - Shot Misses the Net.
7:00 of 3rd period - Shot by Max Pacioretty.
7:00 of 3rd period - Stopped by Peter Budaj without a rebound.
7:01 of 3rd period - Colton Sissons wins face-off versus Logan Couture in Panthers zone.
7:20 of 3rd period - Shot by Patrick Kane.
7:20 of 3rd period - Stopped by Calvin Pickard without a rebound.
7:21 of 3rd period - Steven Stamkos wins face-off versus Artem Anisimov in Predators zone.
7:56 of 3rd period - Shot by Steven Stamkos.
7:56 of 3rd period - Shot Misses the Net.
8:32 of 3rd period - Roman Josi is hit by Logan Couture and loses puck.
8:49 of 3rd period - Shot by Nikolaj Ehlers.
8:49 of 3rd period - Shot Misses the Net.
8:51 of 3rd period - Shot by Logan Couture.
8:51 of 3rd period - Stopped by Calvin Pickard without a rebound.
8:52 of 3rd period - Tanner Kero wins face-off versus Steven Stamkos in Predators zone.
8:52 of 3rd period - Tanner Kero is hit by Nikita Zadorov.
9:06 of 3rd period - Connor Murphy is hit by Jesper Fast and loses puck.
9:18 of 3rd period - Jesper Fast is hit by Nikita Zadorov and loses puck.
9:56 of 3rd period - Shot by Jaden Schwartz.
9:56 of 3rd period - Shot Misses the Net.
9:58 of 3rd period - Shot by Jaden Schwartz.
9:58 of 3rd period - Goal by Jaden Schwartz - Panthers : 4 - Predators : 3.
9:59 of 3rd period - Logan Couture wins face-off versus Colton Sissons in neutral zone.
11:16 of 3rd period - Minor Penalty to John Moore for Interference.
11:17 of 3rd period - Steven Stamkos wins face-off versus Blake Wheeler in Predators zone.
11:35 of 3rd period - Icing by Brian Campbell.
11:36 of 3rd period - Steven Stamkos wins face-off versus Joe Thornton in Panthers zone.
12:26 of 3rd period - Shot by Patrick Kane.
12:26 of 3rd period - Deflect By Patrik Laine.
12:26 of 3rd period - Goal by Patrik Laine - Panthers : 5 - Predators : 3.
12:27 of 3rd period - Artem Anisimov wins face-off versus Vladislav Namestnikov in neutral zone.
14:03 of 3rd period - Icing by Nick Leddy.
14:04 of 3rd period - Logan Couture wins face-off versus Vincent Trocheck in Predators zone.
14:08 of 3rd period - Patrick Kane is hit by Nick Leddy and loses puck.
14:14 of 3rd period - Minor Penalty to Elias Lindholm for Interference.
14:14 of 3rd period - Double Minor Penalty to Patrick Kane for Roughing.
14:15 of 3rd period - J.T. Miller wins face-off versus Logan Couture in neutral zone.
14:26 of 3rd period - Shot by Max Pacioretty.
14:26 of 3rd period - Shot Misses the Net.
14:28 of 3rd period - Shot by Roman Josi.
14:28 of 3rd period - Shot Blocked by T.J. Brodie.
14:30 of 3rd period - Shot by Roman Josi.
14:30 of 3rd period - Goal by Roman Josi - Panthers : 5 - Predators : 4.
14:31 of 3rd period - Logan Couture wins face-off versus Steven Stamkos in neutral zone.
14:31 of 3rd period - Logan Couture is hit by Max Pacioretty.
14:41 of 3rd period - Max Pacioretty is hit by Justin Braun and loses puck.
14:44 of 3rd period - Shot by Max Pacioretty.
14:44 of 3rd period - Shot Misses the Net.
15:29 of 3rd period - Icing by T.J. Brodie.
15:30 of 3rd period - J.T. Miller wins face-off versus Nikolaj Ehlers in Panthers zone.
15:43 of 3rd period - Shot by J.T. Miller.
15:43 of 3rd period - Shot Blocked by Jacob Trouba.
16:11 of 3rd period - Shot by J.T. Miller.
16:11 of 3rd period - Stopped by Peter Budaj without a rebound.
16:12 of 3rd period - Logan Couture wins face-off versus J.T. Miller in Panthers zone.
17:17 of 3rd period - Shot by Roman Josi.
17:17 of 3rd period - Deflect By Max Pacioretty.
17:17 of 3rd period - Stopped by Peter Budaj with a rebound.
17:43 of 3rd period - Shot by Milan Michalek.
17:43 of 3rd period - Shot Hit the Post.
17:45 of 3rd period - Shot by Elias Lindholm.
17:45 of 3rd period - Shot Blocked by Drew Doughty.
18:19 of 3rd period - Brooks Orpik is hit by Colton Sissons and loses puck.
18:35 of 3rd period - Shot by Logan Couture.
18:35 of 3rd period - Shot Misses the Net.
18:58 of 3rd period - Patrick Kane is hit by Connor Murphy and loses puck.
19:21 of 3rd period - Shot by Tanner Kero.
19:21 of 3rd period - Stopped by Calvin Pickard without a rebound.
19:22 of 3rd period - Elias Lindholm wins face-off versus Blake Wheeler in Predators zone.
19:34 of 3rd period - Icing by Roman Josi.
19:35 of 3rd period - Elias Lindholm wins face-off versus Artem Anisimov in Predators zone.
19:43 of 3rd period - Predators, Calvin Pickard is pulled from the net.
Goals for this period are 2 for Panthers vs 3 for Predators.
Shots for this period are 7 for Panthers vs 10 for Predators.